 Dungeon Crawl Stone Soup version 0.26-b1-32-g5d43845318 (webtiles) character file.

Game seed: 1535469665312707252

67 MisterFreud the Conjurer (level 4, 0/27 HPs)
             Began as an Octopode Conjurer on Jan 12, 2021.
             Slain by a white imp (2 damage)
             ... on level 2 of the Dungeon.
             The game lasted 00:02:11 (2243 turns).

MisterFreud the Conjurer (Octopode Conjurer)        Turns: 2243, Time: 00:02:12

Health: 0/27       AC:  1    Str:  6    XL:     4   Next: 16%
Magic:  5/7        EV: 13    Int: 21    God:
Gold:   29         SH:  0    Dex: 10    Spells: 6/7 levels left

rFire    . . .     SeeInvis .   f - +0 dagger
rCold    . . .     Faith    .   (no shield)
rNeg     . . .     Spirit   .   (helmet restricted)
rPois    .         Reflect  .   (no amulet)
rElec    .         Harm     .   (no ring)
rCorr    .         Rampage  .   (no ring)
Will     .....                  (no ring)
Stlth    +++.......             (no ring)
HPRegen  0.09/turn              (no ring)
MPRegen  0.10/turn              (no ring)
                                (no ring)
                                (no ring)

@: no status effects
A: almost no armour, stealthy swim, amphibious, 8 rings, constrict 8, camouflage
1, gelatinous body 1
a: no special abilities


You were on level 2 of the Dungeon.
You visited 1 branch of the dungeon, and saw 2 of its levels.

You collected 29 gold pieces.

Inventory:

Hand Weapons
 f - a +0 dagger (weapon)
Jewellery
 g - a +6 ring of strength {unknown}
Scrolls
 a - a scroll of blinking {unknown}
 b - a scroll of identify {unknown}
 c - 2 scrolls of amnesia {unknown}
Potions
 d - a potion of degeneration {unknown}
 e - a potion of haste {unknown}


   Skills:
 - Level 2.0 Dodging
 - Level 2.6 Stealth
 - Level 2.0 Spellcasting
 + Level 5.6 Conjurations


You had 6 spell levels left.
You knew the following spells:

 Your Spells              Type           Power        Failure   Level
a - Magic Dart            Conj           100%         1%          1

Your spell library contained the following spells:

 Spells                   Type           Power        Failure   Level
 Searing Ray              Conj           50%          2%          2
 Dazzling Flash           Conj/Hex       26%          14%         3
 Fulminant Prism          Conj/Hex       6%           43%         4
 Iskenderun's Mystic Bla  Conj/Tloc      13%          43%         4


Dungeon Overview and Level Annotations

Branches:
Dungeon (2/15)

Altars:
Nemelex Xobeh
Vehumet


Innate Abilities, Weirdness & Mutations

You cannot wear most types of armour.
You are very stealthy in the water. (Stealth+)
You are amphibious.
You can wear up to eight rings at the same time.
You can use your tentacles to constrict eight enemies at once.
Your skin changes colour to match your surroundings (Stealth+).
Your rubbery body absorbs attacks. (AC +1, EV +1)


Message History

Aiming: Magic Dart (safe; 1% risk of failure)
Press: ? - help, Q - select action Shift-Dir - straight line, f - white imp
Aim: a white imp (0% to evade)
The magic dart hits the white imp but does no damage.
The white imp gestures at you. The puff of frost hits you.
You hit the white imp but do no damage. You grab the white imp.
Your squeeze misses the white imp. You constrict the white imp.
The white imp hits you. The white imp freezes you.
* * * LOW HITPOINT WARNING * * *
Aiming: Magic Dart (safe; 1% risk of failure)
Press: ? - help, Q - select action Shift-Dir - straight line, f/p - white imp
Aim: a white imp (lightly wounded, constricted by you, 0% to evade)
The magic dart hits the white imp.
The white imp is heavily wounded.
You constrict the white imp, but do no damage.
The white imp hits you.
* * * LOW HITPOINT WARNING * * *
The white imp freezes you.
You die...

####.####.....#
#[# #.....# #.#
#.....# #.#
#.##### #.# #.#
#.# #.# #.#
#)##########.#
#.#
#............#
#@# #5# #w# #.#
#.# #.# #.#
######'###
#...)....#


You could see a worm and a white imp.

Vanquished Creatures
  An adder (D:2)
  6 dart slugs
  A leopard gecko (D:1)
  3 giant cockroaches (D:1)
  8 goblins
  5 hobgoblins
  3 bats
  3 frilled lizards
  9 kobolds
  3 rats
42 creatures vanquished.

Notes
Turn   | Place    | Note
-------+----------+-------------------------------------------
     0 | D:1      | MisterFreud the Octopode Conjurer began the quest for the
                  | Orb.
     0 | D:1      | Reached XP level 1. HP: 11/11 MP: 3/3
     2 | D:1      | Noticed a centaur
     4 | D:1      | Noticed an elf
     6 | D:1      | Noticed a spriggan
     6 | D:1      | Noticed a merfolk
     8 | D:1      | Noticed a demigod
    10 | D:1      | Noticed an ogre
    10 | D:1      | Noticed a dwarf
    12 | D:1      | Noticed a ghoul
    12 | D:1      | Noticed a troll
    14 | D:1      | Noticed a vine stalker
    14 | D:1      | Noticed a gargoyle
    16 | D:1      | Noticed a draconian
    16 | D:1      | Noticed an octopode
    18 | D:1      | Noticed a minotaur
    20 | D:1      | Noticed a felid
    20 | D:1      | Noticed a naga
    22 | D:1      | Noticed a formicid
    22 | D:1      | Noticed a tengu
    24 | D:1      | Noticed a vampire
    24 | D:1      | Noticed a demonspawn
    26 | D:1      | Noticed a human
    26 | D:1      | Noticed a halfling
   253 | D:1      | Reached XP level 2. HP: 11/17 MP: 5/5
   869 | D:1      | Reached XP level 3. HP: 15/21 MP: 6/6
  1112 | D:1      | Reached skill level 5 in Conjurations
  1627 | D:2      | Found a radiant altar of Vehumet.
  1838 | D:2      | Reached XP level 4. HP: 5/27 MP: 1/7
  2222 | D:2      | Found a sparkling altar of Nemelex Xobeh.
  2243 | D:2      | Slain by a white imp

Illustrated notes

Levels and vault maps discovered:
D:1:      kb_arrival_jail, layout_loops_ring, minmay_misc_feat_encased
D:2:      layout_basic, lemuel_doored_altar, old_standard_altar

Skill      XL: |  1  2  3 |
---------------+----------+-----
Conjurations   | 5 |  5.6
Dodging        | |  2.0
Stealth        | |  2.6
Spellcasting   | |  2.0

Action                   |  1- 3 |  4- 6 || total
-------------------------+-------+-------++-------
Melee: Unarmed           |    77 |       ||    77
       Constrict         |    28 |     4 ||    32
       Tentacles         |    16 |     1 ||    17
       Dagger            |    23 |    10 ||    33
 Cast: Magic Dart        |    15 |     3 ||    18
 Stab: Sleeping          |     7 |     1 ||     8
Armor: Skin              |     5 |     1 ||     6
Dodge: Dodged            |    65 |     6 ||    71
